AoeStats
← Seeker

Arena

510501501Analyzed
2v2 RM · 23h ago on Oct 1, 2026· 68m 7s· 4 players
Game mode
Random Map
Map size
Medium (4 player)
Population
200
Speed
Normal
Resources
Standard
Victory
Conquest
Starting age
Dark Age
Ending age
Imperial Age
RankedLock teamsTeams togetherTeam positionsShared explorationLock speedFull tech treeHidden civsTurbo modeCheats
Victory
Defeat
🇧🇷 Khmer · Brazil
744
+16
🇷🇸 Byzantines · Serbia
689
+19
🇮🇳 Aztecs · India
794
-19
🇦🇺 Italians · Australia
708
-16
Kabeça
0:28 Loom
14:06 Feudal Age
15:35 Wheelbarrow
21:10 Castle Age
22:32 Hand Cart
23:14 Double-Bit Axe
25:42 Gold Mining
27:40 Gold Shaft Mining
27:52 Horse Collar
29:37 Bow Saw
32:45 Imperial Age
32:57 Scale Barding Armor
33:03 Forging
34:42 Conscription
34:22 Double Crossbow
37:36 Chemistry
39:53 Ballistics
40:33 Light Cavalry
41:23 Bloodlines
41:14 Husbandry
42:46 Iron Casting
42:46 Chain Barding Armor
57:53 Elite Ballista Elephant
Seeker
10:39 Feudal Age
11:10 Double-Bit Axe
18:12 Castle Age
18:13 Horse Collar
18:26 Gold Mining
18:30 Stone Mining
19:54 Wheelbarrow
21:33 Bow Saw
24:22 Forging
24:59 Scale Barding Armor
27:51 Heavy Plow
30:31 Gold Shaft Mining
33:42 Imperial Age
32:21 Elite Skirmisher
34:00 Fletching
34:46 Iron Casting
35:28 Thumb Ring
41:53 Bodkin Arrow
46:05 Hand Cart
48:14 Elite Cataphract
49:19 Chain Barding Armor
56:53 Padded Archer Armor
57:36 Bracer
57:52 Leather Archer Armor
60:55 Conscription
62:32 Chemistry
61:53 Ballistics
67:07 Hoardings
fat sandwiches
11:09 Feudal Age
17:36 Castle Age
16:14 Horse Collar
16:21 Double-Bit Axe
23:05 Wheelbarrow
22:16 Town Watch
24:09 Heavy Plow
28:03 Gold Mining
28:05 Stone Mining
28:50 Ballistics
28:42 Fortified Wall
28:13 Treadmill Crane
28:29 Murder Holes
31:32 Imperial Age
29:13 Murder Holes
29:01 Treadmill Crane
29:35 Fortified Wall
30:10 Ballistics
30:38 Fletching
30:51 Squires
30:37 Arson
33:12 Husbandry
33:23 Bloodlines
32:33 Cavalier
34:54 Thumb Ring
34:50 Bodkin Arrow
35:44 Light Cavalry
37:28 Chemistry
36:34 Bracer
36:34 Padded Archer Armor
36:45 Forging
36:40 Scale Barding Armor
38:09 Conscription
38:18 Silk Road
40:27 Elite Genoese Crossbowman
40:51 Elite Skirmisher
41:37 Pikeman
50:02 Iron Casting
56:17 Guilds
vigneshbestar
11:49 Feudal Age
11:39 Loom
12:56 Double-Bit Axe
12:55 Horse Collar
19:42 Castle Age
19:04 Wheelbarrow
19:25 Gold Mining
19:36 Stone Mining
19:55 Scale Mail Armor
20:06 Forging
19:57 Padded Archer Armor
19:48 Fletching
21:11 Squires
20:57 Gambesons
22:04 Bow Saw
26:08 Pikeman
35:24 Imperial Age
34:51 Hand Cart
35:35 Elite Jaguar Warrior
36:42 Garland Wars
36:17 Elite Skirmisher
42:40 Theocracy
46:32 Caravan
48:43 Elite Jaguar Warrior
49:40 Arson
Connection lost

Rejoining the realm…

Still unreachable

The connection could not be restored.

Session expired

The server has moved on; the page needs a fresh start.